| TOP OF THE 1ST |
|
Chicago Cubs batting - Pitching for Arizona Diamondbacks : RHP Marcus Wolfe
|
|
Pitching: RHP Marcus Wolfe
|
|
|
Batting: RHB Yasuhide Kasahara
|
0-0: Ball 1-0: Foul Ball, location: 2F 1-1: Foul Ball, location: 2F 1-2: Foul Ball, location: 2F 1-2: Foul Ball, location: 2F 1-2: Foul Ball, location: 2F 1-2: Foul Ball, location: 2F 1-2: Foul Ball, location: 2F 1-2: Fly out, F7 (Flyball, 7LM, EV 89.4 MPH)
|
|
Batting: RHB Josh Kalman
|
0-0: Ball 1-0: Ground out 6-3 (Groundball, 6, EV 106.9 MPH)
|
|
Batting: RHB Efrain Vargas
|
0-0: Ball 1-0: Foul Ball, location: 2F 1-1: Foul Ball, location: 2F 1-2: Ball 2-2: SINGLE (Groundball, 56D, EV 108.1 MPH) (infield hit)
|
|
Batting: LHB Kevin Norton
|
0-0: Called Strike 0-1: Fly out, F7 (Flyball, 7LM, EV 102.5 MPH)
|
| Top of the 1st over - 0 runs, 1 hit, 0 errors, 1 left on base; Chicago 0 - Arizona 0 |
| BOTTOM OF THE 1ST |
|
Arizona Diamondbacks batting - Pitching for Chicago Cubs : RHP Steve DiDomenico
|
|
Pitching: RHP Steve DiDomenico
|
|
|
Batting: LHB Eric Klasek
|
0-0: Ball 1-0: Ball 2-0: Fly out, F8 (Flyball, 8RD, EV 97.5 MPH)
|
|
Batting: SHB Alec Thorpe
|
0-0: Called Strike 0-1: Called Strike 0-2: Ball 1-2: Strikes out swinging
|
|
Batting: RHB Katilimomi Kelekolio
|
0-0: Ball 1-0: Foul Ball, location: 2F 1-1: Ball 2-1: Ball 3-1: Fly out, F8 (Flyball, 8RD, EV 88.1 MPH)
|
| Bottom of the 1st over - 0 runs, 0 hits, 0 errors, 0 left on base; Chicago 0 - Arizona 0 |
| TOP OF THE 2ND |
|
Chicago Cubs batting - Pitching for Arizona Diamondbacks : RHP Marcus Wolfe
|
|
Batting: RHB Elijah Campbell
|
0-0: Ball 1-0: Called Strike 1-1: Ball 2-1: Swinging Strike 2-2: Foul Ball, location: 2F 2-2: Foul Ball, location: 2F 2-2: Strikes out swinging
|
|
Batting: RHB Kaeo Zirpoli
|
0-0: Ground out U3 (Groundball, 3, EV 81.2 MPH)
|
|
Batting: RHB Will Leslie
|
0-0: Ball 1-0: Ball 2-0: Foul Ball, location: 2F 2-1: Ball 3-1: Foul Ball, location: 2F 3-2: Foul Ball, location: 2F 3-2: Foul Ball, location: 2F 3-2: DOUBLE (Flyball, 8RXD, EV 103.1 MPH)
|
|
Batting: RHB Steve Bui
|
0-0: Called Strike 0-1: Fly out, F8 (Flyball, 89S, EV 86.9 MPH)
|
| Top of the 2nd over - 0 runs, 1 hit, 0 errors, 1 left on base; Chicago 0 - Arizona 0 |
| BOTTOM OF THE 2ND |
|
Arizona Diamondbacks batting - Pitching for Chicago Cubs : RHP Steve DiDomenico
|
|
Batting: LHB Roy Steigerwald
|
0-0: Foul Ball, location: 2F 0-1: Foul Ball, location: 2F 0-2: Foul Ball, location: 2F 0-2: Ball 1-2: Ground out 6-3 (Groundball, 6M, EV 78.8 MPH)
|
|
Batting: RHB David Price Jr.
|
0-0: Fly out, F8 (Flyball, 8LM, EV 77.5 MPH)
|
|
Batting: RHB Andy Swaim
|
0-0: Ground out 5-3 (Groundball, 5, EV 86.9 MPH)
|
| Bottom of the 2nd over - 0 runs, 0 hits, 0 errors, 0 left on base; Chicago 0 - Arizona 0 |
| TOP OF THE 3RD |
|
Chicago Cubs batting - Pitching for Arizona Diamondbacks : RHP Marcus Wolfe
|
|
Batting: RHB Adam O'Hare
|
0-0: Ball 1-0: Called Strike 1-1: Called Strike 1-2: Foul Ball, location: 2F 1-2: Ball 2-2: Ball 3-2: Strikes out looking
|
|
Batting: RHB Yasuhide Kasahara
|
0-0: Ball 1-0: Called Strike 1-1: Foul Ball, location: 2F 1-2: Strikes out swinging
|
|
Batting: RHB Josh Kalman
|
0-0: Called Strike 0-1: Called Strike 0-2: Fly out, F9 (Flyball, 9, EV 94.4 MPH)
|
| Top of the 3rd over - 0 runs, 0 hits, 0 errors, 0 left on base; Chicago 0 - Arizona 0 |
| BOTTOM OF THE 3RD |
|
Arizona Diamondbacks batting - Pitching for Chicago Cubs : RHP Steve DiDomenico
|
|
Batting: SHB Warren Eisner
|
0-0: Foul Ball, location: 2F 0-1: Ball 1-1: Ball 2-1: Foul Ball, location: 2F 2-2: Strikes out swinging
|
|
Batting: SHB Andrew Wray II
|
0-0: Called Strike 0-1: Ball 1-1: Called Strike 1-2: Foul Ball, location: 2F 1-2: Strikes out swinging
|
|
Batting: LHB Jeff Densmore
|
0-0: Called Strike 0-1: Called Strike 0-2: Foul Ball, location: 2F 0-2: Fly out, F8 (Flyball, 78D, EV 86.2 MPH)
|
| Bottom of the 3rd over - 0 runs, 0 hits, 0 errors, 0 left on base; Chicago 0 - Arizona 0 |
| TOP OF THE 4TH |
|
Chicago Cubs batting - Pitching for Arizona Diamondbacks : RHP Marcus Wolfe
|
|
Batting: RHB Efrain Vargas
|
0-0: Called Strike 0-1: Ball 1-1: Ball 2-1: Ball 3-1: Base on Balls
|
|
Batting: LHB Kevin Norton
|
0-0: Foul Ball, location: 2F 0-1: Ball 1-1: Called Strike 1-2: Ball 2-2: Fly out, F9 (Flyball, 9D, EV 93.1 MPH)
|
|
Batting: RHB Elijah Campbell
|
0-0: Ball 1-0: Swinging Strike 1-1: Foul Ball, location: 2F 1-2: Strikes out swinging
|
|
Batting: RHB Kaeo Zirpoli
|
0-0: Called Strike 0-1: SINGLE (Line Drive, 8RS, EV 95.6 MPH) Efrain Vargas to second
|
|
Batting: RHB Will Leslie
|
0-0: Called Strike 0-1: Ball 1-1: Foul Ball, location: 2F 1-2: SINGLE (Line Drive, 78S, EV 98.1 MPH) Efrain Vargas to third Kaeo Zirpoli to second Runner from 3rd tries for Home, SAFE, throw by LF to home
|
|
Pitching: RHP Raul Sanchez
|
|
|
Batting: RHB Steve Bui
|
0-0: Ball 1-0: Foul Ball, location: 2F 1-1: Swinging Strike 1-2: Strikes out swinging
|
| Top of the 4th over - 1 run, 2 hits, 0 errors, 2 left on base; Chicago 1 - Arizona 0 |
| BOTTOM OF THE 4TH |
|
Arizona Diamondbacks batting - Pitching for Chicago Cubs : RHP Steve DiDomenico
|
|
Batting: LHB Eric Klasek
|
0-0: Called Strike 0-1: Foul Ball, location: 2F 0-2: Foul Ball, location: 2F 0-2: Foul Ball, location: 2F 0-2: Ball 1-2: SINGLE (Groundball, 4D, EV 98.8 MPH)
|
|
Batting: SHB Alec Thorpe
|
0-0: Ground out 1-3 (Groundball, 13S, EV 74.4 MPH) Eric Klasek to second
|
|
Batting: RHB Katilimomi Kelekolio
|
0-0: Called Strike 0-1: Called Strike Eric Klasek steals 3rd base 0-2: Strikes out swinging
|
|
Batting: LHB Roy Steigerwald
|
0-0: Foul Ball, location: 2F 0-1: Ball 1-1: Ball 2-1: Ball 3-1: Base on Balls
|
|
Batting: RHB David Price Jr.
|
0-0: Foul Ball, location: 2F 0-1: Ball 1-1: Swinging Strike 1-2: Ball 2-2: Strikes out swinging
|
| Bottom of the 4th over - 0 runs, 1 hit, 0 errors, 2 left on base; Chicago 1 - Arizona 0 |
| TOP OF THE 5TH |
|
Chicago Cubs batting - Pitching for Arizona Diamondbacks : RHP Raul Sanchez
|
|
Batting: SHB Tim Hone
|
0-0: Ball 1-0: Ball 2-0: Foul Ball, location: 2F 2-1: Foul Ball, location: 2F 2-2: Foul Ball, location: 2F 2-2: Strikes out swinging
|
|
Pinch Hitting: RHB Shintaro Katsumata
|
0-0: Called Strike 0-1: Swinging Strike 0-2: Ball 1-2: Strikes out swinging
|
|
Pinch Hitting: LHB Barend van der Kamp
|
0-0: Ball 1-0: Ball 2-0: Called Strike 2-1: Foul Ball, location: 2F 2-2: Foul Ball, location: 2F 2-2: Strikes out swinging
|
| Top of the 5th over - 0 runs, 0 hits, 0 errors, 0 left on base; Chicago 1 - Arizona 0 |
| TOP OF THE 6TH |
|
Chicago Cubs batting - Pitching for Arizona Diamondbacks : RHP Raul Sanchez
|
|
Now at 2B: Jon Solano
|
|
|
Pinch Hitting: SHB Terry Tuckfard
|
0-0: Foul Ball, location: 2F 0-1: SINGLE (Line Drive, 3D, EV 99.4 MPH)
|
|
Pinch Hitting: SHB Art Kent
|
0-0: Called Strike Terry Tuckfard is caught stealing 2nd base 2-6 0-1: Ground out 2-3 (Groundball, 15S, EV 62.5 MPH)
|
|
Batting: SHB Seung-ho Zhang
|
0-0: Called Strike 0-1: Swinging Strike 0-2: Ball 1-2: Foul Ball, location: 2F 1-2: Ball 2-2: Ball 3-2: Fly out, F8 (Flyball, 8LD, EV 97.5 MPH)
|
| Top of the 6th over - 0 runs, 1 hit, 0 errors, 0 left on base; Chicago 1 - Arizona 0 |
| BOTTOM OF THE 6TH |
|
Arizona Diamondbacks batting - Pitching for Chicago Cubs : RHP Steve DiDomenico
|
|
Pitching: RHP Bryant Bradley
|
|
|
Now at 1B: Terry Tuckfard
|
|
|
Now at 3B: Pat Barton
|
|
|
Now in RF: Art Kent
|
|
|
Batting: LHB Jeff Densmore
|
0-0: Ball 1-0: Swinging Strike 1-1: Ball 2-1: Foul Ball, location: 2F 2-2: Ball 3-2: Base on Balls
|
|
Pinch Hitting: RHB Shiro Suehiro
|
0-0: Swinging Strike 0-1: Ball 1-1: Ball 2-1: Ball 3-1: Swinging Strike 3-2: Foul Ball, location: 2F 3-2: Ground out 6-3 (Groundball, 6, EV 83.1 MPH) Jeff Densmore to second
|
|
Pinch Hitting: RHB Marlon Reda
|
0-0: Ground out 5-3 (Groundball, 25, EV 85.6 MPH)
|
|
Batting: RHB Jon Solano
|
0-0: Ball 1-0: Called Strike 1-1: Fly out, F9 (Flyball, 9D, EV 105.0 MPH)
|
| Bottom of the 6th over - 0 runs, 0 hits, 0 errors, 1 left on base; Chicago 1 - Arizona 0 |
| TOP OF THE 7TH |
|
Chicago Cubs batting - Pitching for Arizona Diamondbacks : RHP Raul Sanchez
|
|
Pitching: RHP Jarrod Kenny
|
|
|
Now at C: Marlon Reda
|
|
|
Now at 1B: Shiro Suehiro
|
|
|
Now at 3B: Steve Reinhart
|
|
|
Now in LF: Roy Steigerwald
|
|
|
Now in RF: David Price Jr.
|
|
|
Batting: RHB Andy Wasierski
|
0-0: SINGLE (Groundball, 4MD, EV 103.1 MPH)
|
|
Batting: RHB Pat Barton
|
0-0: Ball 1-0: Fielders Choice at 2nd, 5-4 (Groundball, 56S, EV 89.4 MPH)
|
|
Batting: RHB Steve Bui
|
0-0: Ball 1-0: Ball 2-0: Called Strike 2-1: Swinging Strike 2-2: Foul Ball, location: 2F 2-2: Ball 3-2: Strikes out swinging
|
|
Batting: SHB Tim Hone
|
0-0: Foul Ball, location: 2F 0-1: Ball 1-1: Swinging Strike 1-2: Ball 2-2: Ball 3-2: Strikes out swinging
|
| Top of the 7th over - 0 runs, 1 hit, 0 errors, 1 left on base; Chicago 1 - Arizona 0 |
| BOTTOM OF THE 7TH |
|
Arizona Diamondbacks batting - Pitching for Chicago Cubs : RHP Bryant Bradley
|
|
Pinch Hitting: RHB Fabrice Bertin
|
0-0: Ground out 4-3 (Groundball, 4, EV 104.4 MPH)
|
|
Pinch Hitting: SHB Salvador Aragon
|
0-0: Ground out 2-3 (Groundball, 13S, EV 65.6 MPH)
|
|
Batting: LHB Steve Reinhart
|
0-0: Ball 1-0: Ball 2-0: Ground out 3-1 (Groundball, 34, EV 100.0 MPH)
|
| Bottom of the 7th over - 0 runs, 0 hits, 0 errors, 0 left on base; Chicago 1 - Arizona 0 |
| TOP OF THE 8TH |
|
Chicago Cubs batting - Pitching for Arizona Diamondbacks : RHP Jarrod Kenny
|
|
Pitching: RHP Gerardo Camacho
|
|
|
Now in LF: Fabrice Bertin
|
|
|
Now in RF: Salvador Aragon
|
|
|
Batting: RHB Shintaro Katsumata
|
0-0: Ball 1-0: Ball 2-0: Called Strike 2-1: Swinging Strike 2-2: Strikes out swinging
|
|
Batting: LHB Barend van der Kamp
|
0-0: Called Strike 0-1: Called Strike 0-2: Ground out 5-3 (Groundball, 56, EV 95.0 MPH)
|
|
Batting: SHB Terry Tuckfard
|
0-0: Ball 1-0: Called Strike 1-1: Ball 2-1: Ball 3-1: SINGLE (Groundball, 6MD, EV 107.5 MPH)
|
|
Batting: SHB Art Kent
|
0-0: Ball 1-0: Ball Terry Tuckfard is caught stealing 2nd base 2-6
|
| Top of the 8th over - 0 runs, 1 hit, 0 errors, 0 left on base; Chicago 1 - Arizona 0 |
| BOTTOM OF THE 8TH |
|
Arizona Diamondbacks batting - Pitching for Chicago Cubs : RHP Bryant Bradley
|
|
Pitching: RHP Gabe Wagner
|
|
|
Batting: SHB Warren Eisner
|
0-0: Foul Ball, location: 2F 0-1: Ball 1-1: Foul Ball, location: 2F 1-2: Foul Ball, location: 2F 1-2: Fly out, F7 (Line Drive, 7S, EV 105.0 MPH)
|
|
Batting: SHB Perry Tuckfard
|
0-0: SOLO HOME RUN (Flyball, 89XD, EV 115.0 MPH), Distance : 456 ft
|
|
Pinch Hitting: RHB Dave Vargas
|
0-0: Ball 1-0: Ground out 4-3 (Groundball, 4M, EV 83.1 MPH)
|
|
Batting: RHB Shiro Suehiro
|
0-0: Called Strike 0-1: Ball 1-1: Ball 2-1: Swinging Strike 2-2: Strikes out swinging
|
| Bottom of the 8th over - 1 run, 1 hit, 0 errors, 0 left on base; Chicago 1 - Arizona 1 |
| TOP OF THE 9TH |
|
Chicago Cubs batting - Pitching for Arizona Diamondbacks : RHP Gerardo Camacho
|
|
Pitching: RHP Rich Ortega
|
|
|
Now in LF: Dave Vargas
|
|
|
Now in CF: Fabrice Bertin
|
|
|
Batting: SHB Art Kent
|
0-0: Swinging Strike 0-1: Ball 1-1: Called Strike 1-2: Strikes out swinging
|
|
Batting: SHB Seung-ho Zhang
|
0-0: Called Strike 0-1: Swinging Strike 0-2: Ball 1-2: SINGLE (Groundball, 34D, EV 98.8 MPH)
|
|
Batting: RHB Andy Wasierski
|
0-0: Ball 1-0: Foul Ball, location: 2F 1-1: Called Strike 1-2: Fly out, F2 (Popup, 2LF, EV 91.2 MPH)
|
|
Batting: RHB Pat Barton
|
0-0: Ball 1-0: Called Strike Seung-ho Zhang steals 2nd base 1-1: Foul Ball, location: 2F 1-2: Foul Ball, location: 2F 1-2: Fly out, F9 (Flyball, 9D, EV 93.8 MPH)
|
| Top of the 9th over - 0 runs, 1 hit, 0 errors, 1 left on base; Chicago 1 - Arizona 1 |
| BOTTOM OF THE 9TH |
|
Arizona Diamondbacks batting - Pitching for Chicago Cubs : RHP Gabe Wagner
|
|
Pinch Hitting: LHB Bobby Arevalo
|
0-0: Foul Ball, location: 2F 0-1: Called Strike 0-2: Ball 1-2: Foul Ball, location: 2F 1-2: Strikes out looking
|
|
Batting: RHB Jon Solano
|
0-0: Ball 1-0: Foul Ball, location: 2F 1-1: Foul Ball, location: 2F 1-2: Foul Ball, location: 2F 1-2: Ball 2-2: Strikes out looking
|
|
Batting: RHB Fabrice Bertin
|
0-0: Called Strike 0-1: Foul Ball, location: 2F 0-2: Ball 1-2: Ball 2-2: Ground out U3 (Groundball, 34, EV 82.5 MPH)
|
| Bottom of the 9th over - 0 runs, 0 hits, 0 errors, 0 left on base; Chicago 1 - Arizona 1 |
| TOP OF THE 10TH |
|
Chicago Cubs batting - Pitching for Arizona Diamondbacks : RHP Rich Ortega
|
|
Pitching: LHP Chris Baran
|
|
|
Now at C: Billy Crookston
|
|
|
Batting: RHB Steve Bui
|
0-0: Swinging Strike 0-1: Swinging Strike 0-2: Ball 1-2: Ball 2-2: Strikes out looking
|
|
Batting: RHB Francisco Ramirez
|
0-0: Ground out U3 (Groundball, 34S, EV 85.0 MPH)
|
|
Pinch Hitting: SHB Nick Chandler
|
0-0: Foul Ball, location: 2F 0-1: Ground out 6-3 (Groundball, 6, EV 78.8 MPH)
|
| Top of the 10th over - 0 runs, 0 hits, 0 errors, 0 left on base; Chicago 1 - Arizona 1 |
| BOTTOM OF THE 10TH |
|
Arizona Diamondbacks batting - Pitching for Chicago Cubs : RHP Gabe Wagner
|
|
Pitching: RHP Tony Ramirez
|
|
|
Now at 2B: Pat Barton
|
|
|
Now at 3B: Nick Chandler
|
|
|
Batting: SHB Salvador Aragon
|
0-0: Called Strike 0-1: Foul Ball, location: 2F 0-2: Ball 1-2: Strikes out looking
|
|
Batting: LHB Steve Reinhart
|
0-0: Called Strike 0-1: Ground out 6-3 (Groundball, 6, EV 90.6 MPH)
|
|
Batting: SHB Warren Eisner
|
0-0: Foul Ball, location: 2F 0-1: Foul Ball, location: 2F 0-2: Foul Ball, location: 2F 0-2: Ball 1-2: Ball 2-2: Fly out, F7 (Flyball, 7, EV 88.1 MPH)
|
| Bottom of the 10th over - 0 runs, 0 hits, 0 errors, 0 left on base; Chicago 1 - Arizona 1 |
| TOP OF THE 11TH |
|
Chicago Cubs batting - Pitching for Arizona Diamondbacks : LHP Chris Baran
|
|
Pitching: RHP John Patterson
|
|
|
Batting: LHB Barend van der Kamp
|
0-0: DOUBLE (Line Drive, 78XD, EV 105.0 MPH)
|
|
Batting: SHB Terry Tuckfard
|
0-0: Intentional Walk
|
|
Pinch Hitting: RHB Jason Ostrom
|
0-0: Ball 1-0: Swinging Strike 1-1: Swinging Strike 1-2: Strikes out looking
|
|
Batting: SHB Seung-ho Zhang
|
0-0: Ball 1-0: Ball 2-0: Called Strike 2-1: Foul Ball, location: 2F 2-2: Strikes out swinging
|
|
Batting: RHB Andy Wasierski
|
0-0: Called Strike 0-1: Ground out 5-3 (Groundball, 56S, EV 74.4 MPH)
|
| Top of the 11th over - 0 runs, 1 hit, 0 errors, 2 left on base; Chicago 1 - Arizona 1 |
| BOTTOM OF THE 11TH |
|
Arizona Diamondbacks batting - Pitching for Chicago Cubs : RHP Tony Ramirez
|
|
Pitching: RHP Eric Oakes
|
|
|
Now in CF: Jason Ostrom
|
|
|
Now in RF: Seung-ho Zhang
|
|
|
Batting: SHB Perry Tuckfard
|
0-0: Ball 1-0: Ball 2-0: Ball 3-0: Called Strike 3-1: Hit by Pitch
|
|
Batting: RHB Dave Vargas
|
0-0: Called Strike 0-1: Fielders Choice at 2nd, 4-6 (Groundball, 4, EV 86.2 MPH)
|
|
Pinch Hitting: LHB Armando Carbajal
|
0-0: Ball 1-0: Ball 2-0: Called Strike Dave Vargas steals 2nd base 2-1: Intentional Walk
|
|
Batting: RHB Billy Crookston
|
0-0: Called Strike 0-1: SINGLE (Groundball, 6D, EV 111.2 MPH) Dave Vargas to third Armando Carbajal to second Runner from 3rd tries for Home, SAFE, throw by CF to home
|
| Bottom of the 11th over - 1 run, 1 hit, 0 errors, 2 left on base; Chicago 1 - Arizona 2 |
|